 Dungeon Crawl Stone Soup version 0.21.0-36-ge3e1d5aaab (webtiles) character file.

159 donger the Chopper (level 5, 0/47 HPs)
             Began as a Hill Orc Berserker on Jan 29, 2018.
             Was a Believer of Trog.
             Succumbed to a gnoll's poison
             ... on level 4 of the Dungeon on Jan 30, 2018.
             The game lasted 00:38:43 (3017 turns).

donger the Chopper (Hill Orc Berserker)             Turns: 3017, Time: 00:38:44

Health: 0/47       AC:  5    Str: 21    XL:     5   Next: 40%
Magic:  5/5        EV: 11    Int:  7    God:    Trog [**....]
Gold:   224        SH:  0    Dex: 10    Spells: 4/4 levels left

rFire    . . .     SeeInvis .   a - +0 hand axe
rCold    . . .     Gourm    .   (no shield)
rNeg     . . .     Faith    .   m - +0 ring mail
rPois    .         Spirit   .   (no helmet)
rElec    .         Reflect  .   (no cloak)
rCorr    .         Harm     .   (no gloves)
MR       ++...                  (no boots)
Stlth    ..........             (no amulet)
HPRegen  1.15/turn              t - ring of flight
MPRegen  0.09/turn              (no ring)

@: lethally poisoned (0 -> -11), regenerating
A: no striking features
a: Berserk, Trog's Hand, Burn Spellbooks, Renounce Religion, Evoke Flight


You were on level 4 of the Dungeon.
You worshipped Trog.
Trog was pleased with you.
You were not hungry.

You visited 1 branch of the dungeon, and saw 4 of its levels.

You collected 224 gold pieces.

Inventory:

Hand Weapons
 a - a +0 hand axe (weapon)
 d - a +0 mace of protection
 e - a +0 dagger
 h - a +0 dagger
 r - a +0 flail
 s - a +0 short sword
 x - a +0 whip of venom
 y - a +1 dagger of venom
 z - a +0 trident
Armour
 b - a +0 animal skin
 g - a +0 cloak
 k - a +0 ring mail
 m - a +0 ring mail (worn)
 p - a +0 ring mail
 q - a +0 hat
Jewellery
 t - a ring of flight (left hand)
Scrolls
 f - a scroll of fog {unknown}
 i - 2 scrolls of magic mapping {unknown}
 l - a scroll of immolation {unknown}
 n - 2 scrolls of identify {unknown}
 o - 3 scrolls of fear {unknown}
 u - a scroll of remove curse {unknown}
 v - a scroll of random uselessness {unknown}
 w - 2 scrolls of enchant weapon {unknown}
Potions
 A - a potion of flight
Comestibles
 c - 2 rations


   Skills:
 + Level 4.5 Fighting
 + Level 6.6 Axes
 + Level 3.1 Armour
 - Level 1.5 Dodging


You had 4 spell levels left.
You didn't know any spells.

Dungeon Overview and Level Annotations

Branches:
Dungeon (4/15)
 Temple: D:4-7

Altars:
Fedhas
Okawaru


Message History

You feel very sick.
The gnoll hits you from afar with a halberd!
* * * LOW HITPOINT WARNING * * *
The gnoll hits you but does no damage.
You are more poisoned.
You see here a stone.
* * * LOW HITPOINT WARNING * * *
You feel very sick.
Your skin crawls.
You feel resistant to hostile enchantments.
You feel somewhat more hungry.
* * * LOW HITPOINT WARNING * * *
You feel very sick. The gnoll closely misses you.
Your skin crawls.
You feel resistant to hostile enchantments.
You feel somewhat more hungry.
* * * LOW HITPOINT WARNING * * *
You feel sick. The gnoll misses you.
You die...

######### #.......#
#.......#
##.....!.#
........(###
........(g.#
......####(########
...g. #........##..
....
###@........... ..g
#..........###. ..
#...........?.. .
#.....#########
#.....# #.....#
#<....# #.....#
###.#.#


You could see a gnoll.

Vanquished Creatures
  2 orc priests (D:3)
  3 adders
  2 oozes
  A worm (D:2)
  A leopard gecko (D:2)
  6 orcs (D:3)
  4 giant cockroaches
  7 goblins
  7 hobgoblins
  3 jackals (D:2)
  4 kobolds
  8 bats
  3 frilled lizards (D:2)
  4 rats
55 creatures vanquished.

Notes
Turn   | Place    | Note
-------+----------+-------------------------------------------
     0 | D:1      | donger the Hill Orc Berserker began the quest for the Orb.
     0 | D:1      | Reached XP level 1. HP: 19/19 MP: 1/1
   336 | D:1      | Reached XP level 2. HP: 20/27 MP: 2/2
  1213 | D:2      | Reached XP level 3. HP: 23/33 MP: 3/3
  1222 | D:2      | Reached skill level 5 in Axes
  1290 | D:2      | Reached ** piety under Trog
  1402 | D:2      | Found an iron altar of Okawaru.
  1585 | D:2      | Reached XP level 4. HP: 40/40 MP: 4/4
  2024 | D:3      | Reached skill level 6 in Axes
  2274 | D:3      | Found a faded altar of an unknown god.
  2403 | D:3      | Found a blossoming altar of Fedhas.
  2744 | D:3      | Reached XP level 5. HP: 41/47 MP: 5/5
  2770 | D:3      | HP: 3/70 [poisoned by an orc priest]
  2774 | D:3      | HP: 1/47 [poisoned by an orc priest]
  3015 | D:4      | HP: 2/47 [poisoned by a gnoll]
  3017 | D:4      | Succumbed to a gnoll's poison

Skill      XL: |  1  2  3  4  5 |
---------------+----------------+-----
Fighting       | 4 |  4.5
Axes           | 5 6 |  6.6
Armour         | 3 |  3.1
Dodging        | |  1.5

Action                   |  1- 3 |  4- 6 || total
-------------------------+-------+-------++-------
Melee: Hand axe          |   107 |    86 ||   193
Invok: Trog's Hand       |       |     4 ||     4
       Berserk           |       |     1 ||     1
  Use: Potion            |       |     2 ||     2
 Stab: Sleeping          |     2 |       ||     2
  Eat: Chunk             |     2 |     5 ||     7
       Ration            |       |     1 ||     1
Armor: Animal skin       |    15 |       ||    15
       Ring mail         |    12 |    29 ||    41
Dodge: Dodged            |    63 |    58 ||   121
